 Dungeon Crawl Stone Soup version 0.31-a0-1388-g4b2ba238e7 (webtiles) character file.

Game seed: 3800017280768942352

3000 MisterAzrael the Scholar of Death (level 9, -5/45 HPs)
             Began as a Deep Elf Necromancer on Dec 24, 2023.
             Was a Follower of Kikubaaqudgha.
             Slain by a meliai (7 damage)
             ... on level 8 of the Dungeon.
             The game lasted 00:24:15 (6731 turns).

MisterAzrael the Scholar of Death (DENe)            Turns: 6731, Time: 00:24:16

Health: -5/45      AC: 13    Str: 14    XL:     9   Next: 54%
Magic:  5/24       EV: 13    Int: 29    God:    Kikubaaqudgha [*.....]
Gold:   300        SH:  5    Dex: 20    Spells: 4/26 levels left

rFire   . . .        h - +1 dagger (vamp)
rCold   . . .        (no shield)
rNeg    . . .        D - +1 steam dragon scales
rPois   .            l - +1 helmet
rElec   +            (no cloak)
rCorr   .            c - +2 pair of gloves {Stlth+}
SInv    +            (no boots)
Will    .....        v - amulet of reflection
Stlth   ++++         g - ring of Noefob {Will- Str+4 Dex+6 SInv}
HPRegen 0.27/turn    A - +6 ring of strength
MPRegen 0.19/turn

%: reflection
@: mighty, lethally poisoned (-5 -> -11), animating dead
A: iridescent scales 1, clever 1, electricity resistance, inability to drink
after injury 1, MP-powered wands
a: Renounce Religion, Unearth Wretches


You were on level 8 of the Dungeon.
You worshipped Kikubaaqudgha.
Kikubaaqudgha was aware of your devotion.
You visited 2 branches of the dungeon, and saw 9 of its levels.

You collected 300 gold pieces.

Inventory:

Hand Weapons
 h - a +1 vampiric dagger (weapon)
 m - the +9 whip of Uthad {spect, rN+ Stlth+}
   (You found it on level 6 of the Dungeon)

   rN+:       It protects you from negative energy.
   Stlth+:    It makes you more stealthy.
Missiles
 d - 17 poisoned darts
Armour
 a - a +0 robe
 c - a +2 pair of gloves of stealth (worn)
 k - the +2 robe of Joy {Int+3}
   (You found it on level 3 of the Dungeon)

   Int+3:     It affects your intelligence (+3).
 l - a +1 helmet (worn)
 p - a +3 leather armour of positive energy
 C - an orb of guile
 D - +1 steam dragon scales (worn)
Jewellery
 g - the ring of Noefob (left hand) {Will- Str+4 Dex+6 SInv}
   (You found it on level 2 of the Dungeon)

   [ring of dexterity]

   Str+4:     It affects your strength (+4).
   Dex+6:     It affects your dexterity (+6).
   Will-:     It decreases your willpower.
   SInv:      It lets you see invisible.
 s - a ring of see invisible
 v - an amulet of reflection (around neck)
 x - an amulet of faith
 A - a +6 ring of strength (right hand)
Wands
 j - a wand of polymorph (7)
 t - a wand of iceblast (9)
 z - a wand of mindburst (2)
Scrolls
 e - a scroll of torment
 f - 2 scrolls of enchant weapon
 n - 2 scrolls of poison
 r - a scroll of vulnerability
 y - a scroll of revelation
Potions
 b - a potion of magic
 u - a potion of attraction {unknown}
 w - 2 potions of resistance
 B - a potion of heal wounds {unknown}


   Skills:
 + Level 3.7 Short Blades
 - Level 3.6 Maces & Flails
 - Level 2.4 Dodging
 - Level 5.0 Stealth
 + Level 9.1 Spellcasting
 * Level 11.7 Necromancy


You had 4 spell levels left.
You knew the following spells:

 Your Spells              Type           Power      Damage    Failure   Level
a - Necrotise             Necr           100%       1d9       1%          1
b - Vampiric Draining     Necr           69%        2d10      1%          3
c - Animate Dead          Necr           69%        N/A       1%          4
d - Agony                 Necr           69%        N/A       1%          5
e - Simulacrum            Ice/Necr       23%        N/A       50%         6
f - Stone Arrow           Conj/Erth      26%        3d8       12%         3

Your spell library contained the following spells:

 Spells                   Type           Power      Damage    Failure   Level
 Kiss of Death            Conj/Necr      100%       2d13      1%          1
 Cigotuvi's Dreadful Rot  Necr/Alch/Air  72%        N/A       1%          2
 Sandblast                Erth           26%        2d8       4%          1
 Lesser Beckoning         Tloc           26%        N/A       6%          2
 Passwall                 Alch/Erth      10%        N/A       6%          2
 Gell's Gravitas          Tloc           13%        N/A       12%         3
 Hailstorm                Conj/Ice       13%        3d6       12%         3
 Teleport Other           Tloc           13%        N/A       12%         3
 Brom's Barrelling Bould  Conj/Erth      13%        2d4       38%         4
 Summon Ice Beast         Ice/Summ       13%        N/A       38%         4


Dungeon Overview and Level Annotations

Branches:
Dungeon (8/15)             Temple (1/1) D:4
   Lair: D:8-11

Altars:
Ashenzari
Cheibriados
Dithmenos
Elyvilon
Fedhas
Gozag
Hepliaklqana
Kikubaaqudgha
Makhleb
Nemelex Xobeh
Okawaru
Qazlal
Sif Muna
Trog
Uskayaw
Vehumet
Wu Jian
Xom
Zin
The Shining One

Shops:
D:6 [


Innate Abilities, Weirdness & Mutations

You are partially covered in iridescent scales. (AC +2)
Your mind is acute. (Int +4, Str/Dex -1)
You are resistant to electric shocks. (rElec)
You occasionally lose the ability to drink potions when taking damage.
You expend magic power (3 MP) to strengthen your wands.


Message History

The meliai hits you but does no damage. You block the meliai's attack.
The meliai hits you but does no damage. The meliai barely misses you.
Aiming: Polymorph
Press: ? - help, Shift-Dir - straight line, f/p - meliai
Aim: a meliai (moderately wounded, will become a harpy, a queen bee, or an acid dragon, chance to affect: 52%)
Okay, then.
The meliai calls down the wrath of its god upon you.
Something smites you! The meliai attacks as it pursues you!
The meliai hits you but does no damage.
The meliai stings you but does no damage.
The meliai barely misses you.
The meliai stings you but does no damage.
You block the meliai's attack. The meliai misses you. The meliai hits you.
The meliai barely misses you. The meliai attacks as it pursues you!
The meliai hits you but does no damage.
The meliai stings you but does no damage.
The meliai hits you!
* * * LOW HITPOINT WARNING * * *
The meliai misses you. The meliai attacks as it pursues you!
The meliai hits you but does no damage. The meliai misses you.
You block the meliai's attack. The meliai stings you.
* * * LOW HITPOINT WARNING * * *
You are lethally poisoned!
The meliai poisons you!
Okay, then.
As you read the scroll of fog, it dissolves into smoke.
* * * LOW HITPOINT WARNING * * *
You feel very sick. The meliai barely misses you.
The meliai closely misses you. The meliai hits you but does no damage.
The meliai stings you but does no damage.
* * * LOW HITPOINT WARNING * * *
You feel very sick. The meliai barely misses you.
You block the meliai's attack.
It was a potion of might.
You feel very mighty all of a sudden.
* * * LOW HITPOINT WARNING * * *
You feel sick. You block the meliai's attack. The meliai stings you!
You die...
Kikubaaqudgha rasps: "You have failed me!
Welcome... death!"

# #.# ##.#.# ###.#
#.).# .>..# #...#
##### #...#####
##########.......#
.............###§#
###########.## #§#
...# #.# #y# ##.#
#.# #@# #.# #.#
#§# #.# #.# #§#
#.# ##.# #.# ##.##
#..# #.# #...##
#.## #.# .....##
#.# #.# ......#
#.# #.# ......#
#.#####.#


You could see a meliai.

Vanquished Creatures
  Pikel (D:6)
  Joseph (D:7)
  Prince Ribbit (D:6)
  2 steam dragons
  Duvessa (D:6)
  2 water moccasins
  A black bear (D:5)
  An ogre (D:5)
  A phantom (D:5)
  A kobold brigand (D:6)
  2 scorpions
  Dowan (D:6)
  3 killer bees (D:7)
  A howler monkey (D:4)
  A crimson imp (D:6)
  2 bombardier beetles
  2 hounds
  3 jellies
  Natasha (thrice) (D:2)
  2 iguanas
  3 orc wizards
  5 adders
  2 shadow imps
  A white imp (D:6)
  5 dart slugs
  11 orcs
  4 bats
  10 endoplasms
  3 giant cockroaches
  5 goblins
  10 hobgoblins
  3 quokkas
  6 ball pythons
  2 frilled lizards
  8 kobolds
  4 rats
114 creatures vanquished.

Vanquished Creatures (collateral kills)
  A black bear (D:7)
  A killer bee (D:7)
  A hound (D:6)
  A shadow imp (D:7)
  A white imp (D:7)
  2 ufetubi (D:7)
  A worm (D:3)
  A goblin (D:3)
9 creatures vanquished.

Vanquished Creatures (others)
  A water moccasin zombie (D:7)
  A scorpion zombie (D:6)
  2 killer bee zombies (D:7)
  2 orc zombies
  An endoplasm zombie (D:3)
  A kobold zombie (D:6)
8 creatures vanquished.

Grand Total: 131 creatures vanquished

Notes
Turn   | Place    | Note
-------+----------+-------------------------------------------
     0 | D:1      | MisterAzrael the Deep Elf Necromancer began the quest for
                  | the Orb.
     0 | D:1      | Reached XP level 1. HP: 10/10 MP: 6/6
   128 | D:1      | Reached skill level 5 in Necromancy
   217 | D:1      | Reached XP level 2. HP: 15/15 MP: 6/8
   928 | D:2      | Identified the ring of Noefob {Will- Str+4 Dex+6 SInv}
  1112 | D:2      | Noticed Natasha
  1122 | D:2      | Killed Natasha
  1123 | D:2      | Reached XP level 3. HP: 19/19 MP: 5/10
  1329 | D:2      | Noticed Natasha
  1336 | D:2      | Killed Natasha
  1337 | D:2      | Reached skill level 1 in Short Blades
  1337 | D:2      | Reached XP level 4. HP: 14/24 MP: 4/11
  1694 | D:2      | Noticed Natasha
  1702 | D:2      | Killed Natasha
  1820 | D:3      | Identified the +2 robe of Joy {Int+3}
  1933 | D:3      | Learned a level 3 spell: Vampiric Draining
  1938 | D:3      | Learned a level 4 spell: Animate Dead
  2026 | D:3      | Reached XP level 5. HP: 28/28 MP: 3/13
  2030 | D:3      | Found an ornate altar of the Wu Jian Council.
  2043 | D:3      | Found a bloodstained altar of Trog.
  2408 | D:4      | Reached skill level 6 in Necromancy
  2614 | D:4      | Found a staircase to the Ecumenical Temple.
  2624 | Temple   | Entered the Ecumenical Temple
  2662 | Temple   | Became a worshipper of Kikubaaqudgha
  2709 | D:4      | Reached XP level 6. HP: 32/32 MP: 13/15
  2730 | D:4      | Found a hazy altar of Hepliaklqana.
  2824 | D:4      | Reached skill level 5 in Stealth
  3021 | D:4      | Reached skill level 5 in Spellcasting
  3222 | D:5      | Entered Level 5 of the Dungeon
  3379 | D:5      | Gained mutation: You are strong-willed. (Will+) [potion of
                  | mutation]
  3379 | D:5      | Gained mutation: You occasionally lose the ability to drink
                  | potions when taking damage. [potion of mutation]
  3379 | D:5      | Gained mutation: You have a pair of small antennae on your
                  | head. [potion of mutation]
  3379 | D:5      | Gained mutation: You are partially covered in iridescent
                  | scales. (AC +2) [potion of mutation]
  3385 | D:5      | Reached skill level 7 in Necromancy
  3395 | D:5      | Reached XP level 7. HP: 20/36 MP: 4/17
  3676 | D:5      | You fall into a shaft and drop 1 floor!
  3697 | D:6      | Identified the +9 whip of Uthad {spect, rN+ Stlth+}
  3698 | D:6      | Lost mutation: You have a pair of small antennae on your
                  | head. [potion of mutation]
  3698 | D:6      | Lost mutation: You are strong-willed. (Will+) [potion of
                  | mutation]
  3698 | D:6      | Gained mutation: You expend magic power (3 MP) to
                  | strengthen your wands. [potion of mutation]
  3698 | D:6      | Gained mutation: You have hidden genetic potential. [potion
                  | of mutation]
  3758 | D:6      | Noticed Dowan
  3799 | D:6      | Found Gonot's Armour Shoppe.
  4169 | D:6      | Reached skill level 8 in Necromancy
  4340 | D:6      | Noticed Pikel
  4353 | D:6      | Killed Pikel
  4354 | D:6      | Reached skill level 9 in Necromancy
  4354 | D:6      | Reached XP level 8. HP: 41/41 MP: 3/20
  4370 | D:6      | Gained mutation: Your mind is acute. (Int +4, Str/Dex -1)
                  | [hidden potential]
  4473 | D:6      | Noticed Prince Ribbit
  4487 | D:6      | Killed Prince Ribbit
  4601 | D:6      | Noticed Duvessa
  4612 | D:6      | Killed Duvessa
  4613 | D:6      | Reached skill level 10 in Necromancy
  4627 | D:6      | Killed Dowan
  4709 | D:6      | Learned a level 5 spell: Agony
  4716 | D:6      | Learned a level 6 spell: Simulacrum
  4720 | D:6      | Learned a level 3 spell: Stone Arrow
  4757 | D:6      | Found a snail-covered altar of Cheibriados.
  4873 | D:6      | Found a burning altar of Makhleb.
  4943 | D:6      | Found an iron altar of Okawaru.
  5022 | D:7      | Noticed Joseph
  5154 | D:7      | Reached XP level 9. HP: 33/45 MP: 23/23
  5166 | D:7      | Killed Joseph
  5167 | D:7      | Reached skill level 11 in Necromancy
  5185 | D:7      | Gained mutation: You are resistant to electric shocks.
                  | (rElec) [hidden potential]
  5185 | D:7      | Lost mutation: You have hidden genetic potential. [hidden
                  | potential expressed]
  6514 | D:8      | Reached * piety under Kikubaaqudgha
  6514 | D:8      | Received a gift from Kikubaaqudgha
  6627 | D:8      | Noticed a troll
  6721 | D:8      | a troll changed into a meliai
  6721 | D:8      | Noticed a meliai
  6731 | D:8      | HP: 2/45 [poisoned by a meliai]
  6731 | D:8      | Slain by a meliai

Illustrated notes

Levels and vault maps discovered:
D:1:      minmay_arrival_open_corners, layout_basic,
          dreamdust_princess_corridor, minmay_misc_feat_four_crosses
D:2:      layout_basic, minmay_misc_feat_doors, minmay_misc_feat_hallway,
          uniq_crazy_yiuf_cottage, uniq_natasha
D:3:      layout_rooms, mainiacjoe_overflow_large_starburst,
          serial_bayou_lagoon_a
D:4:      layout_loops_ring, amcnicky_altar_gilded,
          minmay_temple_entry_gardened_gates, minmay_between
D:5:      layout_gridville, serial_shops, nicolae_shop_tiny_waterfront
D:6:      layout_rooms, mainiacjoe_overflow_swirl, makhleb_grotto_becter,
          serial_shops, nicolae_square_shop, uniq_prince_ribbit1, uniq_pikel,
          uniq_duvessa
D:7:      layout_cave_pods, uniq_joseph
D:8:      layout_loops_ring, minivault_4
Temple:   minmay_temple_curvy_branch

Skill      XL: |  1  2  3  4  5  6  7  8  9 |
---------------+----------------------------+-----
Necromancy     | 5 6 7 9 10 11 | 11.7
Stealth        | 3 4 5 |  5.0
Short Blades   | 1 2 3 |  3.7
Spellcasting   | 4 5 7 8 9 |  9.1
Maces & Flails | 2 3 |  3.6
Dodging        | |  2.4

Action                     |  1- 3 |  4- 6 |  7- 9 || total
---------------------------+-------+-------+-------++-------
  Melee: Dagger            |     1 |   136 |    85 ||   222
         Punch             |       |     1 |     4 ||     5
         Whip              |       |       |    57 ||    57
   Cast: Necrotise         |    44 |    35 |     5 ||    84
         Animate Dead      |       |     3 |    11 ||    14
         Vampiric Draining |       |     5 |    22 ||    27
         Stone Arrow       |       |       |     3 ||     3
  Evoke: Wand              |       |       |     6 ||     6
    Use: Scroll            |       |     9 |     7 ||    16
         Potion            |       |     2 |     6 ||     8
   Stab: Sleeping          |     1 |    15 |     6 ||    22
         Distracted        |       |       |     1 ||     1
 Armour: Robe              |     9 |    82 |    66 ||   157
         Skin              |       |     1 |     7 ||     8
         Steam dragon scal |       |       |    40 ||    40
  Dodge: Dodged            |    11 |    93 |   112 ||   216
  Block: Other             |       |       |    19 ||    19

Table legend: (Time is in decaauts)
 A = Elapsed time spent in this place.
 B = Non-inter-level travel time spent in this place.
 C = Inter-level travel time spent in this place.
 D = Time resting spent in this place.
 E = Time spent auto-exploring this place.
 F = Levels seen in this place.
 G = Mean time per level.
                   A        B        C        D        E       F      G
               +--------+--------+--------+--------+--------+-----+--------+
         Total |   6700 |   6534 |    166 |   1028 |   4036 |   9 |  744.4 |
       Dungeon |   6637 |   6527 |    110 |   1028 |   4036 |   8 |  829.6 |
        Temple |     63 |      7 |     56 |      0 |      0 |   1 |   63.0 |
               +--------+--------+--------+--------+--------+-----+--------+

Top non-repeatable levels by time:
     D:6: 1094 daAuts
     D:7: 996 daAuts
     D:1: 915 daAuts
     D:2: 826 daAuts
     D:5: 786 daAuts
     D:4: 782 daAuts
     D:3: 628 daAuts
     D:8: 608 daAuts
  Temple: 63 daAuts
